[ PARTIDA AOE2 · #478806864 ]
Team RMBizantinos vs Celts
[ ANÁLISIS DE REPETICIÓN · EXTRAÍDO DE LA PARTIDA GRABADA ]
Feudal
12:18
Castillos
18:07
Imperial
32:29
| APM promedio | 30.4 |
| APM pico | 87 |
| eAPM promedio | 16.8 |
| Aldeanos / militares | 141 / 992 |
Foco
⚔️ 51.9% · 🌾 48.1%
Spearman ×536 · Skirmisher ×425 · Bombard Cannon ×22 · Cataphract ×7 · Monk ×2 · Trade Cart ×1
Feudal
11:03
Castillos
19:48
Imperial
32:36
| APM promedio | 14.7 |
| APM pico | 31 |
| eAPM promedio | 11.7 |
| Aldeanos / militares | 90 / 222 |
Foco
⚔️ 58.2% · 🌾 41.8%
Unknown (882) ×144 · Scorpion ×99 · Spearman ×59 · Woad Raider ×57 · Trade Cart ×14 · Trebuchet (Packed) ×6
Feudal
15:52
Castillos
20:12
Imperial
35:42
| APM promedio | 39.7 |
| APM pico | 94 |
| eAPM promedio | 26.5 |
| Aldeanos / militares | 134 / 684 |
Foco
⚔️ 28.9% · 🌾 71.1%
Knight ×268 · Spearman ×225 · Skirmisher ×134 · Scout Cavalry ×43 · Trade Cart ×17 · Bombard Cannon ×11
Feudal
10:20
Castillos
23:18
Imperial
33:11
| APM promedio | 31.0 |
| APM pico | 103 |
| eAPM promedio | 17.1 |
| Aldeanos / militares | 143 / 587 |
Foco
⚔️ 43.9% · 🌾 56.1%
Scout Cavalry ×586 · Trade Cart ×17 · Spearman ×1
Feudal
14:39
Castillos
19:19
Imperial
26:05
| APM promedio | 14.2 |
| APM pico | 31 |
| eAPM promedio | 11.5 |
| Aldeanos / militares | 114 / 259 |
Foco
⚔️ 27.5% · 🌾 72.5%
Hand Cannoneer ×236 · Bombard Cannon ×21 · Trade Cart ×16 · Monk ×2
Feudal
12:43
Castillos
19:59
Imperial
33:06
| APM promedio | 14.4 |
| APM pico | 46 |
| eAPM promedio | 10.7 |
| Aldeanos / militares | 101 / 215 |
Foco
⚔️ 26.9% · 🌾 73.1%
Unknown (882) ×184 · Hand Cannoneer ×156 · Genoese Crossbowman ×52 · Trade Cart ×35 · Archer ×4 · Trebuchet (Packed) ×3
Mapa de la partida
Recursos iniciales + cada clic de construcción. Líneas = muros · curvas = relieve. ◆ oro · ⬟ piedra · ● bayas · ✦ reliquia · ◌ hueco del cierre
Tu base· Abierta — el rival se encerró
Base de TREMS· ✓ Cerrada en 19:48 · 25t muro · 1 puerta(s)
Base de TR TlHsn <3· Abierta — el rival se encerró
Base de - Kumlokk· ✓ Cerrada en 23:18 · 53t muro · 2 puerta(s)
Base de TR LY· Abierta — el rival se encerró
Base de RobocopWHOISHE· ✓ Cerrada en 19:59 · 0t muro · 1 puerta(s)
Terreno inicial suavizado · ◌ = hueco del cierre detectado · pasá el cursor para detalles
Inputs por minuto
— TR MY - - TREMS
Build order — TR MY
Primeras 150 de 469 acciones detectadas
| 0:00 | Crear | Villager (Male) |
| 0:02 | Construir | House |
| 0:04 | Construir | House |
| 0:04 | Crear | Villager (Male) |
| 0:05 | Crear | Villager (Male) |
| 0:05 | Crear | Villager (Male) |
| 1:10 | Crear | Villager (Male) |
| 1:46 | Crear | Villager (Male) |
| 2:02 | Crear | Villager (Male) |
| 2:09 | Construir | Lumber Camp |
| 2:35 | Crear | Villager (Male) |
| 2:47 | Crear | Villager (Male) |
| 3:06 | Construir | House |
| 3:07 | Construir | House |
| 3:17 | Construir | House |
| 3:18 | Construir | House |
| 3:23 | Crear | Villager (Male) |
| 3:25 | Crear | Villager (Male) |
| 4:17 | Crear | Villager (Male) |
| 4:35 | Construir | Mining Camp |
| 4:59 | Crear | Villager (Male) |
| 5:01 | Crear | Villager (Male) |
| 5:03 | Crear | Villager (Male) |
| 6:02 | Construir | Mining Camp |
| 6:06 | Crear | Villager (Male) |
| 6:07 | Crear | Villager (Male) |
| 6:52 | Crear | Villager (Male) |
| 6:52 | Crear | Villager (Male) |
| 7:03 | Crear | Villager (Male) |
| 7:06 | Crear | Villager (Male) |
| 7:07 | Crear | Villager (Male) |
| 7:12 | Investigar | Loom |
| 7:42 | Construir | House |
| 7:43 | Construir | House |
| 8:13 | Crear | Villager (Male) |
| 8:33 | Crear | Villager (Male) |
| 9:01 | Crear | Villager (Male) |
| 9:43 | Crear | Villager (Male) |
| 9:58 | Investigar | Feudal Age |
| 10:31 | Construir | Mill |
| 12:11 | Crear | Villager (Male) |
| 12:18 | Edad | Edad Feudal |
| 12:24 | Construir | Market |
| 12:31 | Construir | Blacksmith |
| 12:41 | Crear | Villager (Male) |
| 13:17 | Crear | Villager (Male) |
| 13:18 | Crear | Villager (Male) |
| 14:00 | Crear | Villager (Male) |
| 14:21 | Crear | Villager (Male) |
| 14:54 | Crear | Villager (Male) |
| 15:16 | Construir | Farm |
| 15:16 | Construir | Farm |
| 15:17 | Construir | Farm |
| 15:17 | Construir | Farm |
| 15:27 | Investigar | Castle Age |
| 15:43 | Construir | Farm |
| 15:45 | Construir | Farm |
| 15:45 | Construir | Farm |
| 15:45 | Construir | Farm |
| 15:46 | Construir | Farm |
| 15:46 | Construir | Farm |
| 15:47 | Construir | Farm |
| 15:48 | Construir | Farm |
| 16:06 | Investigar | Double-Bit Axe |
| 16:08 | Investigar | Horse Collar |
| 16:32 | Investigar | Stone Mining |
| 16:34 | Investigar | Gold Mining |
| 16:36 | Crear | Villager (Male) |
| 17:16 | Construir | Gate |
| 17:19 | Construir | Stone Wall |
| 17:39 | Construir | Barracks |
| 17:59 | Investigar | Forging |
| 17:59 | Investigar | Scale Mail Armor |
| 18:02 | Crear | Villager (Male) |
| 18:07 | Edad | Edad de los Castillos |
| 18:22 | Investigar | Wheelbarrow |
| 18:38 | Construir | Town Center |
| 19:23 | Construir | House |
| 19:24 | Construir | House |
| 19:26 | Construir | House |
| 19:31 | Crear | Villager (Male) |
| 19:37 | Crear | Villager (Male) |
| 19:51 | Crear | Villager (Male) |
| 19:51 | Crear | Villager (Male) |
| 19:58 | Investigar | Fletching |
| 19:58 | Investigar | Padded Archer Armor |
| 20:01 | Crear | Villager (Male) |
| 20:02 | Crear | Villager (Male) |
| 20:11 | Crear | Villager (Male) |
| 20:40 | Crear | Villager (Male) ×3 |
| 20:40 | Crear | Villager (Male) ×3 |
| 20:48 | Construir | Farm |
| 20:50 | Construir | Farm |
| 20:54 | Crear | Villager (Male) |
| 21:11 | Construir | Town Center |
| 21:20 | Construir | House |
| 21:22 | Construir | House |
| 21:44 | Crear | Villager (Male) ×5 |
| 22:15 | Crear | Villager (Male) ×3 |
| 22:26 | Construir | House |
| 22:27 | Construir | House |
| 22:28 | Construir | House |
| 22:29 | Construir | House |
| 22:30 | Construir | House |
| 22:43 | Construir | Farm |
| 22:43 | Construir | Farm |
| 22:44 | Construir | Farm |
| 22:44 | Construir | Farm |
| 22:51 | Construir | Farm |
| 22:51 | Construir | Farm |
| 22:51 | Construir | Farm |
| 22:52 | Construir | Farm |
| 22:53 | Construir | Farm |
| 22:55 | Construir | Farm |
| 23:01 | Crear | Villager (Male) ×4 |
| 23:02 | Crear | Villager (Male) ×4 |
| 23:12 | Investigar | Squires |
| 23:16 | Construir | Farm |
| 23:29 | Crear | Villager (Male) ×2 |
| 23:42 | Construir | Monastery |
| 24:02 | Construir | Farm |
| 24:03 | Construir | Farm |
| 24:03 | Construir | Farm |
| 24:09 | Construir | Farm |
| 24:13 | Crear | Villager (Male) ×5 |
| 24:19 | Crear | Monk |
| 24:51 | Construir | Farm |
| 24:55 | Crear | Villager (Male) ×5 |
| 25:02 | Construir | Farm |
| 25:08 | Crear | Villager (Male) ×5 |
| 25:18 | Investigar | Hand Cart |
| 25:22 | Construir | Farm |
| 25:34 | Construir | Mining Camp |
| 25:38 | Construir | Farm |
| 25:41 | Crear | Trade Cart |
| 25:45 | Investigar | Caravan |
| 25:58 | Crear | Villager (Male) ×3 |
| 25:58 | Crear | Villager (Male) ×3 |
| 25:58 | Crear | Villager (Male) |
| 26:37 | Construir | Farm |
| 26:40 | Construir | Farm |
| 26:56 | Construir | Barracks |
| 27:05 | Construir | Castle |
| 27:10 | Construir | Farm |
| 27:14 | Crear | Villager (Male) ×5 |
| 27:14 | Crear | Villager (Male) ×5 |
| 27:15 | Crear | Villager (Male) ×5 |
| 27:15 | Crear | Villager (Male) ×2 |
| 28:36 | Construir | University |
| 29:08 | Investigar | Imperial Age |
Build order — TREMS
Primeras 150 de 569 acciones detectadas
| 0:02 | Crear | Villager (Male) |
| 0:02 | Crear | Villager (Male) |
| 0:03 | Crear | Villager (Male) |
| 0:03 | Crear | Villager (Male) |
| 0:03 | Crear | Villager (Male) |
| 0:07 | Construir | House |
| 0:10 | Construir | House |
| 1:30 | Crear | Villager (Male) |
| 2:08 | Crear | Villager (Male) |
| 2:31 | Crear | Villager (Male) |
| 2:48 | Crear | Villager (Male) |
| 2:59 | Construir | House |
| 3:21 | Crear | Villager (Male) |
| 3:50 | Construir | Lumber Camp |
| 3:58 | Crear | Villager (Male) |
| 4:23 | Investigar | Loom |
| 4:33 | Construir | House |
| 4:43 | Crear | Villager (Male) |
| 5:02 | Crear | Villager (Male) |
| 5:43 | Crear | Villager (Male) |
| 5:50 | Construir | Mill |
| 5:57 | Crear | Villager (Male) |
| 6:21 | Crear | Villager (Male) |
| 7:13 | Crear | Villager (Male) |
| 7:13 | Crear | Villager (Male) |
| 7:40 | Crear | Villager (Male) |
| 7:59 | Crear | Villager (Male) |
| 8:26 | Investigar | Feudal Age |
| 8:58 | Crear | Villager (Male) |
| 8:58 | Crear | Villager (Male) |
| 9:14 | Construir | Mining Camp |
| 9:30 | Crear | Villager (Male) |
| 10:23 | Construir | Barracks |
| 10:31 | Crear | Villager (Male) |
| 10:38 | Construir | Farm |
| 11:03 | Edad | Edad Feudal |
| 11:05 | Construir | Farm |
| 11:09 | Investigar | Double-Bit Axe |
| 11:11 | Investigar | Horse Collar |
| 11:17 | Crear | Villager (Male) |
| 11:36 | Construir | House |
| 11:37 | Construir | House |
| 11:39 | Construir | House |
| 11:43 | Crear | Villager (Male) |
| 11:48 | Construir | Farm |
| 11:54 | Construir | Farm |
| 12:11 | Construir | Stone Wall |
| 12:22 | Construir | Gate |
| 12:32 | Construir | Farm |
| 12:36 | Crear | Villager (Male) |
| 12:42 | Construir | Farm |
| 12:48 | Construir | Farm |
| 12:59 | Crear | Villager (Male) |
| 13:11 | Construir | Market |
| 13:47 | Crear | Villager (Male) |
| 13:53 | Construir | Farm |
| 14:10 | Construir | Farm |
| 14:16 | Construir | Farm |
| 14:23 | Construir | Farm |
| 14:27 | Crear | Villager (Male) |
| 14:43 | Construir | Lumber Camp |
| 15:21 | Crear | Villager (Male) |
| 15:32 | Construir | Farm |
| 15:38 | Construir | Farm |
| 15:43 | Construir | Farm |
| 15:58 | Construir | Blacksmith |
| 16:18 | Crear | Villager (Male) |
| 16:28 | Construir | Mining Camp |
| 16:33 | Crear | Villager (Male) |
| 16:56 | Crear | Spearman |
| 16:56 | Crear | Spearman |
| 17:05 | Investigar | Castle Age |
| 17:09 | Investigar | Forging |
| 17:25 | Construir | House |
| 17:26 | Construir | House |
| 17:28 | Construir | House |
| 17:40 | Investigar | Wheelbarrow |
| 18:01 | Construir | Mining Camp |
| 18:06 | Investigar | Scale Mail Armor |
| 18:17 | Crear | Villager (Male) |
| 19:48 | Edad | Edad de los Castillos |
| 19:58 | Construir | Town Center |
| 20:03 | Crear | Villager (Male) |
| 20:19 | Construir | Town Center |
| 20:29 | Construir | House |
| 20:31 | Construir | House |
| 20:33 | Construir | House |
| 20:40 | Crear | Villager (Male) |
| 21:16 | Crear | Trade Cart |
| 21:17 | Investigar | Caravan |
| 21:25 | Investigar | Hand Cart |
| 22:02 | Construir | Farm |
| 22:09 | Construir | Farm |
| 22:11 | Crear | Villager (Male) |
| 22:14 | Crear | Villager (Male) |
| 22:16 | Crear | Villager (Male) |
| 22:40 | Crear | Villager (Male) |
| 22:41 | Crear | Villager (Male) |
| 22:48 | Construir | Mining Camp |
| 23:00 | Construir | Mining Camp |
| 23:04 | Crear | Villager (Male) |
| 23:04 | Crear | Villager (Male) |
| 23:05 | Crear | Villager (Male) |
| 23:10 | Crear | Villager (Male) |
| 23:10 | Crear | Villager (Male) |
| 23:19 | Crear | Villager (Male) |
| 24:00 | Construir | Farm |
| 24:04 | Crear | Villager (Male) |
| 24:08 | Crear | Villager (Male) |
| 24:09 | Crear | Villager (Male) |
| 24:13 | Crear | Villager (Male) |
| 24:13 | Crear | Villager (Male) |
| 25:00 | Crear | Villager (Male) |
| 25:00 | Crear | Villager (Male) |
| 25:04 | Crear | Villager (Male) |
| 25:04 | Crear | Villager (Male) |
| 25:10 | Crear | Villager (Male) |
| 25:10 | Crear | Villager (Male) |
| 25:56 | Construir | Castle |
| 26:29 | Crear | Villager (Male) |
| 26:29 | Crear | Villager (Male) |
| 26:29 | Crear | Villager (Male) |
| 26:37 | Construir | Farm |
| 26:42 | Construir | Farm |
| 26:47 | Investigar | Fletching |
| 27:03 | Construir | Farm |
| 27:09 | Construir | Farm |
| 27:11 | Construir | Farm |
| 27:12 | Construir | Farm |
| 27:17 | Construir | Farm |
| 28:36 | Construir | Stone Wall |
| 28:53 | Construir | Monastery |
| 29:00 | Crear | Woad Raider |
| 29:00 | Crear | Woad Raider |
| 29:00 | Crear | Woad Raider |
| 29:00 | Crear | Woad Raider |
| 29:19 | Crear | Spearman |
| 29:26 | Investigar | Imperial Age |
| 29:30 | Crear | Villager (Male) |
| 29:30 | Crear | Villager (Male) |
| 29:31 | Crear | Villager (Male) |
| 29:36 | Crear | Villager (Male) |
| 29:36 | Crear | Villager (Male) |
| 29:49 | Crear | Woad Raider |
| 29:50 | Crear | Woad Raider |
| 29:50 | Crear | Woad Raider |
| 30:02 | Construir | Siege Workshop |
| 30:08 | Construir | Siege Workshop |
| 30:14 | Construir | Siege Workshop |
| 30:21 | Investigar | Bodkin Arrow |
Build order — TR TlHsn <3
Primeras 150 de 581 acciones detectadas
| 0:01 | Crear | Villager (Male) |
| 0:01 | Crear | Villager (Male) |
| 0:02 | Construir | House |
| 0:04 | Construir | House |
| 0:05 | Crear | Villager (Male) |
| 0:05 | Crear | Villager (Male) |
| 0:05 | Crear | Villager (Male) |
| 1:34 | Crear | Villager (Male) |
| 1:34 | Crear | Villager (Male) |
| 2:01 | Crear | Villager (Male) |
| 2:09 | Construir | Lumber Camp |
| 2:17 | Crear | Villager (Male) |
| 2:17 | Crear | Villager (Male) |
| 2:28 | Investigar | Loom |
| 2:33 | Crear | Villager (Male) |
| 2:33 | Crear | Villager (Male) |
| 2:34 | Crear | Villager (Male) |
| 2:54 | Crear | Villager (Male) |
| 3:28 | Construir | House |
| 3:31 | Crear | Villager (Male) |
| 3:31 | Crear | Villager (Male) |
| 4:13 | Construir | Palisade Wall |
| 4:22 | Crear | Villager (Male) |
| 4:23 | Crear | Villager (Male) |
| 4:35 | Crear | Villager (Male) |
| 4:48 | Construir | Palisade Gate |
| 5:11 | Construir | Mining Camp |
| 5:13 | Crear | Villager (Male) |
| 5:24 | Crear | Villager (Male) |
| 5:42 | Construir | Palisade Wall |
| 5:48 | Construir | Palisade Wall |
| 6:03 | Construir | House |
| 6:06 | Crear | Villager (Male) |
| 6:06 | Crear | Villager (Male) |
| 6:14 | Crear | Villager (Male) |
| 6:47 | Construir | Mining Camp |
| 6:52 | Crear | Villager (Male) |
| 6:53 | Crear | Villager (Male) |
| 7:10 | Construir | Lumber Camp |
| 7:28 | Crear | Villager (Male) |
| 7:28 | Crear | Villager (Male) |
| 8:05 | Crear | Villager (Male) |
| 8:31 | Crear | Villager (Male) |
| 8:31 | Crear | Villager (Male) |
| 8:31 | Crear | Villager (Male) |
| 8:48 | Construir | Mill |
| 9:17 | Construir | House |
| 9:18 | Construir | House |
| 9:27 | Crear | Villager (Male) |
| 10:21 | Crear | Villager (Male) |
| 10:23 | Crear | Villager (Male) |
| 10:23 | Crear | Villager (Male) |
| 10:25 | Crear | Villager (Male) |
| 10:59 | Crear | Villager (Male) |
| 11:18 | Construir | Mill |
| 11:48 | Crear | Villager (Male) |
| 12:27 | Crear | Villager (Male) |
| 12:28 | Crear | Villager (Male) |
| 12:30 | Crear | Villager (Male) |
| 13:10 | Construir | House |
| 13:24 | Investigar | Feudal Age |
| 13:37 | Construir | House |
| 13:40 | Construir | House |
| 14:30 | Construir | Palisade Wall |
| 14:33 | Construir | Palisade Wall |
| 15:09 | Crear | Villager (Male) |
| 15:23 | Construir | Farm |
| 15:23 | Construir | Farm |
| 15:24 | Construir | Farm |
| 15:24 | Construir | Farm |
| 15:36 | Construir | Farm |
| 15:36 | Construir | Farm |
| 15:36 | Construir | Farm |
| 15:36 | Construir | Farm |
| 15:36 | Construir | Farm |
| 15:40 | Construir | Farm |
| 15:40 | Construir | Farm |
| 15:40 | Construir | Farm |
| 15:41 | Construir | Farm |
| 15:41 | Construir | Farm |
| 15:41 | Construir | Farm |
| 15:41 | Construir | Farm |
| 15:43 | Construir | Farm |
| 15:51 | Construir | Farm |
| 15:52 | Edad | Edad Feudal |
| 16:03 | Construir | Barracks |
| 16:15 | Crear | Villager (Male) |
| 16:18 | Crear | Villager (Male) |
| 16:26 | Construir | Market |
| 16:48 | Crear | Villager (Male) |
| 16:57 | Construir | Blacksmith |
| 17:05 | Crear | Spearman |
| 17:29 | Investigar | Castle Age |
| 18:30 | Crear | Villager (Male) |
| 18:38 | Crear | Villager (Male) |
| 19:08 | Investigar | Wheelbarrow |
| 19:46 | Crear | Villager (Male) |
| 19:47 | Crear | Villager (Male) |
| 19:55 | Investigar | Gold Mining |
| 19:58 | Investigar | Stone Mining |
| 20:00 | Investigar | Horse Collar |
| 20:05 | Investigar | Double-Bit Axe |
| 20:12 | Edad | Edad de los Castillos |
| 20:20 | Construir | Town Center |
| 20:30 | Crear | Villager (Male) |
| 20:30 | Crear | Villager (Male) |
| 20:40 | Construir | Castle |
| 20:47 | Crear | Villager (Male) |
| 20:52 | Construir | Monastery |
| 21:00 | Crear | Villager (Male) |
| 21:11 | Crear | Villager (Male) |
| 21:48 | Crear | Villager (Male) |
| 21:48 | Crear | Villager (Male) |
| 21:48 | Crear | Villager (Male) |
| 21:48 | Crear | Villager (Male) |
| 21:49 | Crear | Villager (Male) |
| 21:51 | Crear | Villager (Male) |
| 21:51 | Crear | Villager (Male) |
| 22:03 | Crear | Villager (Male) |
| 22:05 | Crear | Monk |
| 22:20 | Crear | Villager (Male) |
| 22:23 | Crear | Teutonic Knight |
| 22:32 | Crear | Teutonic Knight |
| 22:35 | Crear | Villager (Male) |
| 22:38 | Crear | Villager (Male) |
| 22:47 | Construir | Stable |
| 22:48 | Construir | Stable |
| 22:56 | Crear | Villager (Male) |
| 22:59 | Investigar | Scale Barding Armor |
| 23:17 | Crear | Trade Cart |
| 23:17 | Crear | Trade Cart |
| 23:19 | Crear | Villager (Male) |
| 23:20 | Crear | Villager (Male) |
| 23:29 | Crear | Villager (Male) |
| 23:34 | Crear | Villager (Male) |
| 23:40 | Crear | Villager (Male) |
| 23:43 | Crear | Villager (Male) |
| 23:49 | Construir | Stable |
| 24:09 | Crear | Villager (Male) |
| 24:37 | Crear | Villager (Male) |
| 24:39 | Investigar | Forging |
| 24:39 | Investigar | Chain Barding Armor |
| 25:13 | Crear | Villager (Male) |
| 25:13 | Crear | Villager (Male) |
| 25:27 | Crear | Villager (Male) |
| 25:30 | Crear | Trade Cart |
| 25:30 | Crear | Trade Cart |
| 25:30 | Crear | Trade Cart |
| 25:30 | Crear | Trade Cart |
| 25:30 | Crear | Trade Cart |
Build order — - Kumlokk
Primeras 150 de 597 acciones detectadas
| 0:02 | Crear | Villager (Male) |
| 0:02 | Crear | Villager (Male) |
| 0:04 | Construir | House |
| 0:06 | Construir | House |
| 0:29 | Crear | Villager (Male) |
| 0:31 | Crear | Villager (Male) |
| 1:30 | Crear | Villager (Male) |
| 2:02 | Crear | Villager (Male) |
| 2:24 | Crear | Villager (Male) |
| 3:08 | Investigar | Loom |
| 3:37 | Crear | Villager (Male) |
| 3:38 | Crear | Villager (Male) |
| 3:39 | Crear | Villager (Male) |
| 3:40 | Crear | Villager (Male) |
| 3:41 | Crear | Villager (Male) |
| 3:41 | Crear | Villager (Male) |
| 4:22 | Construir | Lumber Camp |
| 4:50 | Construir | House |
| 4:54 | Construir | House |
| 5:53 | Crear | Villager (Male) |
| 6:32 | Crear | Villager (Male) |
| 6:55 | Crear | Villager (Male) |
| 7:24 | Construir | Mill |
| 7:28 | Crear | Villager (Male) |
| 8:10 | Investigar | Feudal Age |
| 9:02 | Construir | Mining Camp |
| 10:10 | Crear | Villager (Male) |
| 10:10 | Crear | Villager (Male) |
| 10:20 | Edad | Edad Feudal |
| 10:20 | Investigar | Double-Bit Axe |
| 10:21 | Investigar | Horse Collar |
| 11:07 | Construir | Palisade Wall |
| 11:14 | Investigar | Wheelbarrow |
| 12:08 | Construir | Palisade Wall |
| 12:10 | Construir | Palisade Wall |
| 12:25 | Crear | Villager (Male) |
| 12:25 | Crear | Villager (Male) |
| 13:02 | Crear | Villager (Male) |
| 13:02 | Crear | Villager (Male) |
| 13:21 | Construir | Palisade Wall |
| 13:26 | Construir | Palisade Wall |
| 13:28 | Construir | Palisade Wall |
| 13:47 | Construir | Palisade Wall |
| 13:58 | Construir | Palisade Wall |
| 14:32 | Crear | Villager (Male) ×5 |
| 14:32 | Crear | Villager (Male) ×5 |
| 14:39 | Construir | Palisade Wall |
| 15:02 | Crear | Villager (Male) |
| 15:07 | Construir | Lumber Camp |
| 15:44 | Construir | House |
| 16:04 | Construir | Farm |
| 16:04 | Construir | Farm |
| 16:05 | Construir | Farm |
| 16:05 | Construir | Farm |
| 16:05 | Construir | Farm |
| 16:06 | Construir | Farm |
| 16:06 | Construir | Farm |
| 16:07 | Construir | Farm |
| 16:16 | Construir | Mill |
| 16:30 | Crear | Villager (Male) |
| 16:55 | Construir | Farm |
| 16:56 | Construir | Farm |
| 16:56 | Construir | Farm |
| 16:56 | Construir | Farm |
| 17:11 | Crear | Villager (Male) |
| 17:20 | Construir | Farm |
| 17:42 | Crear | Villager (Male) |
| 17:43 | Crear | Villager (Male) |
| 17:49 | Construir | Mining Camp |
| 17:56 | Construir | Farm |
| 18:01 | Construir | Farm |
| 18:01 | Construir | Farm |
| 18:40 | Construir | Blacksmith |
| 19:00 | Construir | Palisade Gate |
| 19:11 | Crear | Villager (Male) |
| 19:11 | Crear | Villager (Male) |
| 19:11 | Crear | Villager (Male) |
| 19:32 | Construir | Market |
| 19:54 | Investigar | Scale Barding Armor |
| 20:09 | Construir | Barracks |
| 20:12 | Construir | Mining Camp |
| 20:38 | Investigar | Castle Age |
| 20:38 | Investigar | Castle Age |
| 20:52 | Crear | Trade Cart |
| 21:08 | Crear | Spearman |
| 21:24 | Construir | Stable |
| 21:26 | Construir | Stable |
| 21:30 | Construir | Stable |
| 21:57 | Construir | Stone Wall |
| 22:10 | Construir | Stone Wall |
| 22:20 | Crear | Villager (Male) |
| 22:20 | Crear | Villager (Male) |
| 22:42 | Construir | Gate |
| 23:18 | Edad | Edad de los Castillos |
| 23:18 | Investigar | Bow Saw |
| 23:19 | Investigar | Heavy Plow |
| 23:20 | Investigar | Hand Cart |
| 23:24 | Investigar | Caravan |
| 23:35 | Investigar | Chain Barding Armor |
| 23:47 | Construir | Stone Wall |
| 23:49 | Construir | Stone Wall |
| 24:10 | Crear | Villager (Male) |
| 24:18 | Construir | Blacksmith |
| 24:32 | Investigar | Gold Mining |
| 24:42 | Crear | Villager (Male) |
| 24:42 | Crear | Villager (Male) |
| 24:51 | Construir | House |
| 24:53 | Construir | House |
| 24:54 | Construir | House |
| 24:54 | Construir | House |
| 24:55 | Construir | House |
| 24:56 | Construir | House |
| 24:59 | Construir | House |
| 25:03 | Construir | House |
| 25:04 | Construir | House |
| 25:33 | Investigar | Chain Barding Armor |
| 26:04 | Construir | Castle |
| 26:18 | Construir | Stone Wall |
| 26:28 | Crear | Villager (Male) |
| 26:29 | Crear | Villager (Male) ×5 |
| 26:34 | Construir | Mining Camp |
| 26:47 | Construir | University |
| 26:57 | Construir | Farm |
| 27:09 | Investigar | Light Cavalry (upgrade) |
| 27:10 | Investigar | Bloodlines |
| 27:10 | Investigar | Husbandry |
| 27:26 | Construir | Farm |
| 27:57 | Construir | Lumber Camp |
| 28:09 | Investigar | Forging |
| 28:35 | Construir | Mining Camp |
| 28:43 | Crear | Scout Cavalry |
| 28:43 | Crear | Scout Cavalry |
| 28:45 | Crear | Scout Cavalry ×5 |
| 28:45 | Crear | Scout Cavalry ×5 |
| 28:53 | Construir | House |
| 29:02 | Investigar | Masonry |
| 29:05 | Investigar | Treadmill Crane |
| 29:11 | Crear | Villager (Male) |
| 29:11 | Crear | Villager (Male) |
| 29:27 | Construir | Lumber Camp |
| 29:47 | Construir | Mining Camp |
| 30:00 | Investigar | Imperial Age |
| 30:23 | Crear | Scout Cavalry |
| 30:24 | Crear | Scout Cavalry |
| 30:37 | Construir | Town Center |
| 30:59 | Construir | Farm |
| 30:59 | Construir | Farm |
| 31:00 | Construir | Farm |
| 31:00 | Construir | Farm |
| 31:03 | Construir | Farm |
Build order — TR LY
Primeras 150 de 332 acciones detectadas
| 0:02 | Crear | Villager (Male) |
| 0:05 | Construir | House |
| 0:07 | Construir | House |
| 0:09 | Crear | Villager (Male) |
| 0:10 | Crear | Villager (Male) |
| 0:10 | Crear | Villager (Male) |
| 1:58 | Crear | Villager (Male) |
| 2:29 | Crear | Villager (Male) |
| 2:35 | Crear | Villager (Male) |
| 3:10 | Crear | Villager (Male) |
| 3:18 | Crear | Villager (Male) |
| 3:59 | Construir | House |
| 4:07 | Crear | Villager (Male) |
| 4:26 | Construir | House |
| 4:43 | Crear | Villager (Male) |
| 4:44 | Crear | Villager (Male) |
| 4:46 | Investigar | Loom |
| 4:57 | Construir | Lumber Camp |
| 5:19 | Crear | Villager (Male) |
| 5:21 | Crear | Villager (Male) |
| 5:56 | Crear | Villager (Male) |
| 8:19 | Crear | Villager (Male) |
| 8:20 | Crear | Villager (Male) |
| 8:20 | Crear | Villager (Male) |
| 8:20 | Crear | Villager (Male) |
| 8:21 | Crear | Villager (Male) |
| 8:21 | Crear | Villager (Male) |
| 8:22 | Crear | Villager (Male) |
| 8:32 | Crear | Villager (Male) |
| 9:33 | Construir | House |
| 9:54 | Construir | Mining Camp |
| 10:11 | Crear | Villager (Male) |
| 10:42 | Construir | Mill |
| 10:56 | Construir | Mill |
| 11:12 | Crear | Villager (Male) |
| 11:13 | Crear | Villager (Male) |
| 11:13 | Crear | Villager (Male) |
| 12:28 | Investigar | Feudal Age |
| 12:41 | Construir | House |
| 12:42 | Construir | House |
| 12:52 | Crear | Villager (Male) |
| 13:06 | Crear | Villager (Male) |
| 13:07 | Crear | Villager (Male) |
| 13:07 | Crear | Villager (Male) |
| 13:07 | Crear | Villager (Male) |
| 13:49 | Crear | Villager (Male) |
| 13:49 | Crear | Villager (Male) |
| 13:49 | Crear | Villager (Male) |
| 14:39 | Edad | Edad Feudal |
| 14:49 | Construir | Barracks |
| 15:13 | Construir | Blacksmith |
| 15:28 | Construir | Market |
| 15:37 | Crear | Villager (Male) |
| 15:48 | Construir | Farm |
| 15:48 | Construir | Farm |
| 15:48 | Construir | Farm |
| 15:49 | Construir | Farm |
| 15:49 | Construir | Farm |
| 15:49 | Construir | Farm |
| 15:50 | Construir | Farm |
| 15:50 | Construir | Farm |
| 16:10 | Crear | Villager (Male) |
| 16:39 | Investigar | Castle Age |
| 16:58 | Construir | Farm |
| 16:58 | Construir | Farm |
| 16:58 | Construir | Farm |
| 16:58 | Construir | Farm |
| 16:59 | Construir | Farm |
| 16:59 | Construir | Farm |
| 16:59 | Construir | Farm |
| 17:22 | Crear | Villager (Male) |
| 17:22 | Crear | Villager (Male) |
| 19:19 | Edad | Edad de los Castillos |
| 20:47 | Construir | Farm |
| 20:47 | Construir | Farm |
| 20:47 | Construir | Farm |
| 20:56 | Construir | Monastery |
| 21:02 | Construir | Siege Workshop |
| 21:11 | Crear | Villager (Male) |
| 21:15 | Crear | Villager (Male) |
| 21:36 | Construir | Town Center |
| 21:52 | Crear | Villager (Male) |
| 22:00 | Construir | House |
| 22:02 | Construir | House |
| 22:05 | Construir | House |
| 22:06 | Construir | House |
| 22:07 | Construir | House |
| 22:10 | Construir | House |
| 22:11 | Construir | House |
| 22:12 | Construir | House |
| 22:28 | Construir | Farm |
| 22:30 | Crear | Villager (Male) |
| 22:33 | Crear | Monk |
| 22:55 | Investigar | Imperial Age |
| 23:03 | Crear | Villager (Male) |
| 23:35 | Construir | Farm |
| 23:37 | Crear | Villager (Male) |
| 23:39 | Crear | Villager (Male) |
| 23:41 | Crear | Villager (Male) |
| 23:52 | Investigar | Horse Collar |
| 24:06 | Crear | Monk |
| 24:11 | Crear | Villager (Male) |
| 24:21 | Construir | Farm |
| 24:22 | Construir | Farm |
| 24:23 | Construir | Farm |
| 24:31 | Crear | Villager (Male) |
| 24:41 | Crear | Trade Cart |
| 25:38 | Construir | Archery Range |
| 25:42 | Construir | Archery Range |
| 25:54 | Crear | Villager (Male) |
| 25:54 | Crear | Villager (Male) |
| 25:54 | Crear | Villager (Male) |
| 25:55 | Crear | Villager (Male) |
| 26:02 | Crear | Villager (Male) |
| 26:05 | Edad | Edad Imperial |
| 26:20 | Construir | Archery Range |
| 26:25 | Construir | Archery Range |
| 26:50 | Crear | Villager (Male) |
| 26:52 | Crear | Villager (Male) |
| 26:54 | Crear | Villager (Male) |
| 27:58 | Construir | Archery Range |
| 28:11 | Crear | Bombard Cannon |
| 28:12 | Crear | Bombard Cannon |
| 28:45 | Construir | Farm |
| 28:48 | Crear | Villager (Male) |
| 28:54 | Crear | Villager (Male) |
| 28:54 | Crear | Villager (Male) |
| 28:55 | Crear | Villager (Male) |
| 28:55 | Crear | Villager (Male) |
| 29:07 | Construir | Town Center |
| 29:25 | Construir | Mining Camp |
| 29:57 | Construir | House |
| 30:00 | Construir | House |
| 30:05 | Construir | House |
| 30:06 | Construir | House |
| 30:08 | Construir | House |
| 30:14 | Crear | Hand Cannoneer ×5 |
| 30:15 | Crear | Hand Cannoneer ×5 |
| 30:15 | Crear | Hand Cannoneer ×5 |
| 30:15 | Crear | Hand Cannoneer ×5 |
| 30:28 | Crear | Villager (Male) |
| 30:28 | Crear | Villager (Male) |
| 30:30 | Crear | Villager (Male) |
| 30:30 | Crear | Villager (Male) |
| 30:35 | Crear | Villager (Male) |
| 30:36 | Crear | Villager (Male) |
| 33:22 | Construir | Archery Range |
| 33:24 | Construir | Archery Range |
| 33:47 | Construir | Siege Workshop |
| 33:57 | Crear | Villager (Male) |
Build order — RobocopWHOISHE
Primeras 150 de 349 acciones detectadas
| 0:06 | Construir | House |
| 0:07 | Construir | House |
| 0:09 | Crear | Villager (Male) |
| 0:09 | Crear | Villager (Male) |
| 0:09 | Crear | Villager (Male) |
| 0:10 | Crear | Villager (Male) |
| 1:48 | Crear | Villager (Male) |
| 2:15 | Crear | Villager (Male) |
| 2:34 | Crear | Villager (Male) |
| 3:00 | Construir | Lumber Camp |
| 3:07 | Crear | Villager (Male) |
| 3:29 | Crear | Villager (Male) |
| 3:53 | Construir | House |
| 3:59 | Crear | Villager (Male) |
| 4:18 | Crear | Villager (Male) |
| 4:38 | Investigar | Loom |
| 5:04 | Construir | Mill |
| 5:13 | Crear | Villager (Male) |
| 5:14 | Crear | Villager (Male) |
| 6:03 | Crear | Villager (Male) |
| 6:03 | Crear | Villager (Male) |
| 6:04 | Crear | Villager (Male) |
| 6:59 | Construir | House |
| 7:20 | Crear | Villager (Male) |
| 7:56 | Construir | House |
| 8:06 | Crear | Villager (Male) |
| 8:28 | Crear | Villager (Male) |
| 8:49 | Construir | House |
| 8:51 | Construir | House |
| 8:55 | Construir | House |
| 9:07 | Crear | Villager (Male) |
| 9:29 | Construir | Palisade Gate |
| 9:38 | Construir | House |
| 9:47 | Construir | House |
| 9:49 | Construir | House |
| 9:52 | Construir | House |
| 9:56 | Construir | House |
| 10:01 | Crear | Villager (Male) |
| 10:14 | Construir | Mining Camp |
| 10:33 | Investigar | Feudal Age |
| 10:50 | Construir | Mining Camp |
| 12:43 | Edad | Edad Feudal |
| 12:54 | Crear | Villager (Male) |
| 12:55 | Crear | Villager (Male) |
| 13:17 | Construir | Market |
| 13:21 | Crear | Villager (Male) |
| 13:38 | Investigar | Double-Bit Axe |
| 13:49 | Investigar | Horse Collar |
| 13:51 | Crear | Villager (Male) |
| 14:21 | Crear | Villager (Male) |
| 15:00 | Construir | Market |
| 15:02 | Crear | Villager (Male) |
| 15:08 | Construir | Farm |
| 15:09 | Construir | Farm |
| 15:11 | Construir | Farm |
| 15:14 | Construir | Farm |
| 15:53 | Crear | Villager (Male) |
| 16:10 | Construir | Blacksmith |
| 16:16 | Investigar | Gold Mining |
| 16:54 | Crear | Villager (Male) |
| 17:16 | Investigar | Castle Age |
| 18:11 | Construir | Barracks |
| 18:28 | Construir | Farm |
| 18:31 | Construir | Farm |
| 18:32 | Construir | Farm |
| 18:33 | Construir | Farm |
| 18:35 | Construir | Farm |
| 18:36 | Construir | Farm |
| 18:38 | Construir | Farm |
| 18:39 | Construir | Farm |
| 19:25 | Construir | Archery Range |
| 19:59 | Edad | Edad de los Castillos |
| 20:00 | Crear | Villager (Male) |
| 20:06 | Construir | Town Center |
| 20:14 | Crear | Villager (Male) |
| 20:47 | Crear | Villager (Male) |
| 20:50 | Crear | Villager (Male) |
| 20:51 | Crear | Villager (Male) |
| 21:24 | Construir | Town Center |
| 21:35 | Crear | Villager (Male) |
| 21:36 | Crear | Villager (Male) |
| 21:36 | Crear | Villager (Male) |
| 21:39 | Crear | Villager (Male) |
| 21:39 | Crear | Villager (Male) |
| 21:39 | Crear | Villager (Male) |
| 22:20 | Crear | Villager (Male) |
| 22:21 | Crear | Villager (Male) |
| 22:40 | Crear | Villager (Male) |
| 22:40 | Crear | Villager (Male) |
| 22:40 | Crear | Villager (Male) |
| 22:44 | Investigar | Bow Saw |
| 23:03 | Construir | Archery Range |
| 23:13 | Crear | Villager (Male) |
| 23:13 | Crear | Villager (Male) |
| 23:13 | Crear | Villager (Male) |
| 23:26 | Crear | Villager (Male) |
| 23:26 | Crear | Villager (Male) |
| 23:26 | Crear | Villager (Male) |
| 23:35 | Construir | Farm |
| 23:36 | Construir | Farm |
| 23:37 | Construir | Farm |
| 23:38 | Construir | Farm |
| 23:40 | Construir | Farm |
| 24:05 | Construir | Archery Range |
| 24:30 | Investigar | Crossbowman (upgrade) |
| 24:31 | Crear | Archer |
| 24:44 | Crear | Archer |
| 24:45 | Crear | Archer |
| 24:45 | Crear | Archer |
| 25:01 | Investigar | Thumb Ring |
| 25:15 | Construir | Castle |
| 25:20 | Investigar | Padded Archer Armor |
| 25:31 | Construir | Archery Range |
| 25:42 | Construir | University |
| 25:46 | Crear | Villager (Male) |
| 25:48 | Crear | Villager (Male) |
| 25:48 | Crear | Villager (Male) |
| 25:58 | Crear | Villager (Male) |
| 25:58 | Crear | Villager (Male) |
| 26:03 | Construir | Farm |
| 26:04 | Construir | Farm |
| 26:06 | Construir | Farm |
| 26:09 | Construir | Farm |
| 26:12 | Construir | Farm |
| 26:18 | Construir | Farm |
| 26:19 | Construir | Farm |
| 26:21 | Construir | Farm |
| 26:42 | Crear | Villager (Male) |
| 26:42 | Crear | Villager (Male) |
| 26:42 | Crear | Villager (Male) |
| 26:56 | Construir | Barracks |
| 26:59 | Construir | Barracks |
| 27:00 | Construir | Barracks |
| 27:01 | Construir | Barracks |
| 27:06 | Construir | House |
| 27:10 | Construir | House |
| 27:13 | Crear | Villager (Male) |
| 27:13 | Crear | Villager (Male) |
| 27:13 | Crear | Villager (Male) |
| 27:14 | Crear | Villager (Male) |
| 27:14 | Crear | Villager (Male) |
| 27:14 | Crear | Villager (Male) |
| 27:23 | Construir | Farm |
| 27:24 | Construir | Farm |
| 27:29 | Construir | Farm |
| 27:30 | Construir | Farm |
| 28:32 | Crear | Villager (Male) |
| 28:32 | Crear | Villager (Male) |
| 28:32 | Crear | Villager (Male) |
| 28:36 | Construir | House |
Cronología de la partida
| 4:13 | TR TlHsn <3 · wall_segment Palisade Wall x10 |
| 5:42 | TR TlHsn <3 · wall_segment Palisade Wall x1 |
| 5:48 | TR TlHsn <3 · wall_segment Palisade Wall x6 |
| 10:20 | - Kumlokk · age_up feudal |
| 10:23 | TREMS · first_building Barracks |
| 11:03 | TREMS · age_up feudal |
| 11:07 | - Kumlokk · wall_segment Palisade Wall x1 |
| 12:08 | - Kumlokk · wall_segment Palisade Wall x2 |
| 12:10 | - Kumlokk · wall_segment Palisade Wall x4 |
| 12:11 | TREMS · wall_segment Stone Wall x25 |
| 12:18 | TR MY · age_up feudal |
| 12:43 | RobocopWHOISHE · age_up feudal |
| 13:21 | - Kumlokk · wall_segment Palisade Wall x1 |
| 13:26 | - Kumlokk · wall_segment Palisade Wall x1 |
| 13:28 | - Kumlokk · wall_segment Palisade Wall x1 |
| 13:47 | - Kumlokk · wall_segment Palisade Wall x2 |
| 13:58 | - Kumlokk · wall_segment Palisade Wall x10 |
| 14:30 | TR TlHsn <3 · wall_segment Palisade Wall x1 |
| 14:33 | TR TlHsn <3 · wall_segment Palisade Wall x1 |
| 14:39 | TR LY · age_up feudal |
| 14:39 | - Kumlokk · wall_segment Palisade Wall x1 |
| 14:49 | TR LY · first_building Barracks |
| 15:52 | TR TlHsn <3 · age_up feudal |
| 16:03 | TR TlHsn <3 · first_building Barracks |
| 16:04 | TR MY · first_market_buy 100 food |
| 16:20 | TR MY · first_market_sell 100 stone |
| 17:19 | TR MY · wall_segment Stone Wall x1 |
| 17:39 | TR MY · first_building Barracks |
| 18:07 | TR MY · age_up castle |
| 18:11 | RobocopWHOISHE · first_building Barracks |
| 19:19 | TR LY · age_up castle |
| 19:25 | RobocopWHOISHE · first_building Archery Range |
| 19:48 | TREMS · age_up castle |
| 19:59 | RobocopWHOISHE · age_up castle |
| 20:09 | - Kumlokk · first_building Barracks |
| 20:12 | TR TlHsn <3 · age_up castle |
| 20:40 | TR TlHsn <3 · first_building Castle |
| 20:52 | TR TlHsn <3 · first_building Monastery |
| 20:56 | TR LY · first_building Monastery |
| 21:02 | TR LY · first_building Siege Workshop |
| 21:24 | - Kumlokk · first_building Stable |
| 21:57 | - Kumlokk · wall_segment Stone Wall x16 |
| 22:10 | - Kumlokk · wall_segment Stone Wall x15 |
| 22:47 | TR TlHsn <3 · first_building Stable |
| 23:18 | - Kumlokk · age_up castle |
| 23:42 | TR MY · first_building Monastery |
| 23:47 | - Kumlokk · wall_segment Stone Wall x1 |
| 23:49 | - Kumlokk · wall_segment Stone Wall x1 |
| 24:38 | RobocopWHOISHE · first_market_sell 100 food |
| 25:15 | RobocopWHOISHE · first_building Castle |
| 25:38 | TR LY · first_building Archery Range |
| 25:42 | - Kumlokk · first_market_buy 100 stone |
| 25:56 | TREMS · first_building Castle |
| 26:04 | - Kumlokk · first_building Castle |
| 26:05 | TR LY · age_up imperial |
| 26:18 | - Kumlokk · wall_segment Stone Wall x1 |
| 27:05 | TR MY · first_building Castle |
| 28:36 | TREMS · wall_segment Stone Wall x1 |
| 28:53 | TREMS · first_building Monastery |
| 30:02 | TREMS · first_building Siege Workshop |
| 30:51 | TR MY · first_building Archery Range |
| 31:27 | RobocopWHOISHE · first_market_buy 100 wood |
| 32:26 | TR MY · tribute_sent a jugador 1 |
| 32:26 | TR MY · tribute_sent a jugador 2 |
| 32:26 | TR MY · tribute_sent a jugador 3 |
| 32:26 | TR MY · tribute_sent a jugador 4 |
| 32:26 | TR MY · tribute_sent a jugador 5 |
| 32:29 | TR MY · age_up imperial |
| 32:36 | TREMS · age_up imperial |
| 33:06 | TR TlHsn <3 · first_building Siege Workshop |
| 33:06 | RobocopWHOISHE · age_up imperial |
| 33:11 | - Kumlokk · age_up imperial |
| 35:42 | TR TlHsn <3 · age_up imperial |
| 41:52 | - Kumlokk · first_market_sell 500 wood |
| 43:33 | TR MY · wall_segment Stone Wall x25 |
| 44:03 | TR TlHsn <3 · first_market_sell 100 food |
| 44:26 | TR MY · first_building Siege Workshop |
| 44:49 | TR TlHsn <3 · first_building Archery Range |
| 48:26 | TR MY · tribute_sent a jugador 1 |
| 48:26 | TR MY · tribute_sent a jugador 2 |
| 48:26 | TR MY · tribute_sent a jugador 3 |
| 48:26 | TR MY · tribute_sent a jugador 4 |
| 48:26 | TR MY · tribute_sent a jugador 5 |
| 55:55 | TR LY · first_market_buy 100 stone |
| 56:07 | TR LY · first_building Castle |
| 57:50 | TR MY · tribute_sent a jugador 1 |
| 57:50 | TR MY · tribute_sent a jugador 2 |
| 57:50 | TR MY · tribute_sent a jugador 3 |
| 57:50 | TR MY · tribute_sent a jugador 4 |
| 57:50 | TR MY · tribute_sent a jugador 5 |
| 58:14 | TR TlHsn <3 · tribute_sent a jugador 1 |
| 58:14 | TR TlHsn <3 · tribute_sent a jugador 3 |
| 58:14 | TR TlHsn <3 · tribute_sent a jugador 4 |
| 58:14 | TR TlHsn <3 · tribute_sent a jugador 5 |
| 58:14 | TR TlHsn <3 · tribute_sent a jugador 6 |
| 58:38 | - Kumlokk · tribute_sent a jugador 1 |
| 58:38 | - Kumlokk · tribute_sent a jugador 2 |
| 58:38 | - Kumlokk · tribute_sent a jugador 4 |
| 58:38 | - Kumlokk · tribute_sent a jugador 5 |
| 58:38 | - Kumlokk · tribute_sent a jugador 6 |
| 61:41 | TR TlHsn <3 · tribute_sent a jugador 1 |
| 61:41 | TR TlHsn <3 · tribute_sent a jugador 3 |
| 61:41 | TR TlHsn <3 · tribute_sent a jugador 4 |
| 61:41 | TR TlHsn <3 · tribute_sent a jugador 5 |
| 61:41 | TR TlHsn <3 · tribute_sent a jugador 6 |
| 63:13 | TR MY · resign |
[ ANÁLISIS IA · 1 CRÉDITO ]
¿Qué pasó realmente en esta partida?
Wolo.gg analiza cada decisión: build order, eco, micro, errores típicos por bracket. Análisis personalizado por WhatsApp o Discord en 30 segundos.
Guía civ
Bizantinos
Guía mapa
Amazon Tunnel
Perfil
Jugador #21986006